 Dungeon Crawl Stone Soup version 0.20-a0-1062-g7b787ac (console) character file.

16 r4s the Ducker (level 2, -6/14 HPs)
             Began as a Felid Chaos Knight on Apr 27, 2017.
             Mangled by a gnoll
             ... wielding a +0 spear
              (7 damage)
             ... on level 1 of the Dungeon.
             The game lasted 00:03:07 (881 turns).

r4s the Ducker (Felid Chaos Knight)                  Turns: 881, Time: 00:03:08

Health: -6/14      AC:  1    Str:  8    XL:     2   Next: 37%
Magic:  3/3        EV: 18    Int: 13    God:    Xom [..*...]
Gold:   73         SH:  0    Dex: 15    Spells: 1/1 levels left
                                        Lives:  0   Deaths: 0

rFire    . . .     SeeInvis +     - Unarmed
rCold    . . .     Gourm    .   (shield unavailable)
rNeg     . . .     Faith    .   (armour unavailable)
rPois    .         Spirit   .   (helmet unavailable)
rElec    .         Reflect  .   (cloak unavailable)
rCorr    .         Harm     .   (gloves unavailable)
MR       .....                  (boots unavailable)
Stlth    +++.......             (no amulet)
Regen    0.1/turn               (no ring)
MPRegen  0.1/turn               (no ring)

@: quick
A: no armour, no weapons or thrown items, stealth, claws 1, fangs 3, see
invisible, carnivore 3, speed 1, shaggy fur 1, slow metabolism 1, sharp paws
a: Renounce Religion


You were on level 1 of the Dungeon.
You worshipped Xom.
You were a toy of Xom.
You were completely stuffed.

You visited 1 branch of the dungeon, and saw 1 of its levels.

You collected 73 gold pieces.

Inventory:

Scrolls
 c - a scroll of immolation {unknown}
Potions
 b - 2 potions of lignification {unknown}
 d - a potion of resistance {unknown}
Comestibles
 a - a meat ration
 f - a chunk of flesh


   Skills:
 - Level 3.0 Fighting
 - Level 3.2 Dodging
 + Level 3.2 Stealth
 - Level 3.0 Unarmed Combat


You had one spell level left.
You didn't know any spells.

Dungeon Overview and Level Annotations

Branches:
Dungeon (1/15)

Altars:


Innate Abilities, Weirdness & Mutations

You cannot wear armour.
You are incapable of wielding weapons or throwing items.
Your paws allow you to move quietly. (Stealth)
You have sharp claws.
You have razor-sharp teeth.
You have supernaturally acute eyesight. (SInv)
You are carnivorous and can eat meat at any time.
You cover ground quickly.
You are covered in fur. (AC +1)
You have a slow metabolism.
Your sharp claws are effective at attacking unaware monsters.


Message History

You claw the kobold!
You kill the kobold!
You see here a helmet.
A goblin comes into view.
The goblin shouts!
The gnoll hits you from afar with a spear!
Ouch! That really hurt!
You die... "What?
Wait, NO!"
Xom revives you!
Unknown command.
You scratch the goblin but do no damage.
The goblin completely misses you. The gnoll barely misses you.
You closely miss the goblin. The goblin misses you.
The gnoll closely misses you.
You closely miss the goblin. The goblin closely misses you.
The gnoll hits you from afar with a spear!
Ouch! That really hurt!
You die...
Xom cackles wildly!

.......#........######.#...#≈.≈#§≈≈
.......................#...#≈.≈#§≈.
#....................###...#≈.≈#≈..
.......#.....######### #...#...#...
..####............## #...........
#...........#####..## #...........
................g#.g####...........
##..........####.##..#.#^..........
##..........# #.@g....#.....<.....
##........÷.# ####.#..#..[........
##..........# #....############
##....%.....# ####......#
##..........# #......# #..........#
#......# #..........# #......#
############ #......# #......#


You could see a gnoll and a goblin.

Vanquished Creatures
  2 goblins (D:1)
  5 hobgoblins (D:1)
  A ball python (D:1)
  2 bats (D:1)
  A frilled lizard (D:1)
  3 kobolds (D:1)
  2 rats (D:1)
16 creatures vanquished.

Notes
Turn   | Place    | Note
-------+----------+-------------------------------------------
     0 | D:1      | r4s the Felid Chaos Knight began the quest for the Orb.
     0 | D:1      | Reached XP level 1. HP: 10/10 MP: 2/2
   180 | D:1      | Reached skill level 1 in Stealth
   248 | D:1      | Reached XP level 2. HP: 13/14 MP: 3/3
   605 | D:1      | XOM: butterfly on damage
   660 | D:1      | XOM: potion effect (agility)
   877 | D:1      | Xom revived you
   881 | D:1      | Mangled by a gnoll

Vault maps used:
D:1:      lightli_arrival_quake

Skill      XL: |  1  2 |
---------------+-------+-----
Stealth        | 2 3 |  3.2
Fighting       | |  3.0
Dodging        | |  3.2
Unarmed Combat | |  3.0

Action                   || total
-------------------------++-------
Melee: Unarmed           ||    48
       Bite              ||     3
       Punch             ||     1
 Stab: Sleeping          ||     1
  Eat: Chunk             ||     7
Dodge: Dodged            ||    35
